[ AOE2 MATCH · #507990987 ]
UnrankedDravidians vs Shu
Player's team · LOSS
[ REPLAY ANALYSIS · EXTRACTED FROM THE RECORDED GAME ]
Feudal
8:50
Castle
20:48
Imperial
—
| APM avg | 64.0 |
| APM peak | 97 |
| eAPM avg | 32.8 |
| Villagers / military | 116 / 62 |
Focus
⚔️ 35.6% · 🌾 64.4%
Urumi Swordsman ×23 · Skirmisher ×19 · Mangonel ×12 · Monk ×6 · Spearman ×2
Feudal
10:18
Castle
20:27
Imperial
35:05
| APM avg | 72.0 |
| APM peak | 134 |
| eAPM avg | 29.4 |
| Villagers / military | 130 / 48 |
Focus
⚔️ 45.3% · 🌾 54.7%
Skirmisher ×28 · Mangonel ×9 · Unknown (1944) ×5 · Unknown (1959) ×5 · Monk ×3 · Archer ×3
Match map
Initial resources + every placement click. Lines = walls · curves = elevation contours. ◆ gold · ⬟ stone · ● berries · ✦ relic · ◌ wall gap
Your base· ✓ Closed at 20:48 · 57t walls · no gate
小米粒's base· ✓ Closed at 20:27 · 49t walls · 1 gate(s)
Smoothed initial terrain · ◌ = detected wall gap · hover for details
Inputs per minute
— PNAL | Ciruja - - 小米粒
Build order — PNAL | Ciruja
First 150 of 337 actions detected
| 0:00 | Queue | Villager (Male) |
| 0:02 | Build | House |
| 0:02 | Build | House |
| 0:06 | Queue | Villager (Male) |
| 0:06 | Queue | Villager (Male) |
| 0:19 | Queue | Villager (Male) |
| 1:26 | Queue | Villager (Male) |
| 1:26 | Queue | Villager (Male) |
| 1:48 | Build | Lumber Camp |
| 1:59 | Queue | Villager (Male) |
| 1:59 | Queue | Villager (Male) |
| 2:01 | Queue | Villager (Male) |
| 2:40 | Queue | Villager (Male) |
| 2:41 | Queue | Villager (Male) |
| 3:11 | Queue | Villager (Male) |
| 3:27 | Queue | Villager (Male) |
| 4:02 | Build | House |
| 4:07 | Queue | Villager (Male) |
| 4:28 | Queue | Villager (Male) |
| 4:30 | Queue | Villager (Male) |
| 4:41 | Build | Mill |
| 4:48 | Queue | Villager (Male) |
| 5:32 | Queue | Villager (Male) |
| 5:53 | Research | Loom |
| 6:31 | Research | Feudal Age |
| 6:31 | Research | Feudal Age |
| 6:43 | Build | Lumber Camp |
| 7:02 | Build | House |
| 7:07 | Build | House |
| 7:10 | Build | House |
| 7:23 | Queue | Villager (Male) |
| 7:25 | Build | Palisade Wall |
| 7:26 | Build | Palisade Wall |
| 7:36 | Build | Palisade Wall |
| 7:49 | Build | Palisade Wall |
| 7:56 | Build | Palisade Wall |
| 7:58 | Queue | Villager (Male) |
| 8:06 | Build | Palisade Wall |
| 8:32 | Build | Palisade Wall |
| 8:37 | Queue | Villager (Male) |
| 8:45 | Build | Barracks |
| 8:48 | Build | Palisade Wall |
| 8:50 | Age | Feudal Age |
| 8:51 | Build | Palisade Wall |
| 9:11 | Build | Palisade Wall |
| 9:13 | Build | Palisade Wall |
| 9:17 | Research | Double-Bit Axe |
| 9:17 | Research | Double-Bit Axe |
| 9:30 | Research | Horse Collar |
| 9:37 | Build | Archery Range |
| 9:50 | Build | Palisade Wall |
| 9:55 | Queue | Villager (Male) |
| 10:13 | Build | House |
| 10:18 | Build | Farm |
| 10:21 | Build | Palisade Wall |
| 10:23 | Build | Palisade Wall |
| 10:25 | Build | Palisade Wall |
| 10:27 | Build | Palisade Wall |
| 10:31 | Build | Palisade Wall |
| 10:33 | Queue | Villager (Male) |
| 10:34 | Queue | Skirmisher |
| 10:34 | Queue | Skirmisher |
| 10:39 | Build | Palisade Wall |
| 10:40 | Build | Palisade Wall |
| 10:52 | Queue | Villager (Male) |
| 10:55 | Build | House |
| 11:01 | Build | Farm |
| 11:03 | Build | Farm |
| 11:06 | Build | Farm |
| 11:08 | Build | Farm |
| 11:09 | Build | Farm |
| 11:11 | Queue | Villager (Male) |
| 11:22 | Queue | Skirmisher |
| 11:34 | Build | Farm |
| 11:49 | Queue | Spearman |
| 11:50 | Queue | Villager (Male) |
| 12:14 | Queue | Villager (Male) |
| 12:17 | Queue | Villager (Male) |
| 12:20 | Build | Farm |
| 12:20 | Build | Farm |
| 12:20 | Build | Farm |
| 12:21 | Build | Farm |
| 12:21 | Build | Farm |
| 12:21 | Build | Farm |
| 12:43 | Build | Palisade Wall |
| 12:44 | Build | Palisade Wall |
| 12:47 | Queue | Villager (Male) |
| 12:48 | Queue | Skirmisher |
| 12:54 | Build | House |
| 12:56 | Build | Palisade Wall |
| 12:57 | Build | Palisade Wall |
| 13:05 | Queue | Villager (Male) |
| 13:16 | Queue | Villager (Male) |
| 13:17 | Queue | Skirmisher |
| 13:21 | Research | Town Watch |
| 13:27 | Build | House |
| 13:30 | Queue | Villager (Male) |
| 13:33 | Queue | Skirmisher |
| 13:35 | Queue | Villager (Male) |
| 13:41 | Build | Palisade Wall |
| 13:47 | Queue | Villager (Male) |
| 14:04 | Queue | Villager (Male) |
| 14:14 | Build | Blacksmith |
| 14:15 | Queue | Villager (Male) |
| 14:24 | Research | Town Watch |
| 14:25 | Queue | Skirmisher |
| 14:32 | Build | House |
| 14:35 | Queue | Villager (Male) |
| 14:58 | Queue | Skirmisher |
| 14:59 | Queue | Villager (Male) |
| 15:02 | Research | Fletching |
| 15:02 | Research | Fletching |
| 15:15 | Queue | Villager (Male) |
| 15:21 | Queue | Villager (Male) |
| 15:24 | Build | Farm |
| 15:25 | Build | Farm |
| 15:25 | Build | Farm |
| 15:25 | Build | Farm |
| 15:25 | Build | Farm |
| 15:26 | Build | Farm |
| 15:26 | Queue | Villager (Male) |
| 15:31 | Queue | Villager (Male) |
| 15:45 | Build | Palisade Wall |
| 15:46 | Build | Palisade Wall |
| 15:47 | Build | Palisade Wall |
| 16:00 | Research | Wheelbarrow |
| 16:12 | Build | Mining Camp |
| 16:59 | Queue | Villager (Male) |
| 17:18 | Build | Market |
| 17:27 | Queue | Villager (Male) |
| 18:08 | Research | Castle Age |
| 18:08 | Research | Castle Age |
| 18:15 | Build | Archery Range |
| 18:23 | Research | Gold Mining |
| 19:08 | Research | Padded Archer Armor |
| 19:27 | Queue | Villager (Male) |
| 19:49 | Build | House |
| 19:50 | Build | House |
| 19:51 | Build | House |
| 20:24 | Build | House |
| 20:30 | Queue | Skirmisher |
| 20:31 | Queue | Skirmisher |
| 20:31 | Queue | Skirmisher |
| 20:46 | Queue | Spearman |
| 20:48 | Age | Castle Age |
| 20:50 | Research | Elite Skirmisher (upgrade) |
| 20:50 | Research | Elite Skirmisher (upgrade) |
| 20:51 | Research | Bodkin Arrow |
| 20:52 | Research | Leather Archer Armor |
| 21:06 | Build | Town Center |
Build order — 小米粒
First 150 of 345 actions detected
| 0:00 | Queue | Villager (Male) |
| 0:00 | Queue | Villager (Male) |
| 0:01 | Queue | Villager (Male) |
| 0:02 | Build | House |
| 0:02 | Build | House |
| 0:07 | Queue | Villager (Male) |
| 1:24 | Queue | Villager (Male) |
| 1:45 | Queue | Villager (Male) |
| 2:17 | Queue | Villager (Male) |
| 2:18 | Queue | Villager (Male) |
| 2:19 | Build | Lumber Camp |
| 2:36 | Queue | Villager (Male) |
| 2:49 | Queue | Villager (Male) |
| 2:49 | Queue | Villager (Male) |
| 3:09 | Queue | Villager (Male) |
| 3:49 | Build | House |
| 3:54 | Queue | Villager (Male) |
| 3:54 | Queue | Villager (Male) |
| 3:55 | Queue | Villager (Male) |
| 4:19 | Queue | Villager (Male) |
| 4:45 | Queue | Villager (Male) |
| 4:45 | Queue | Villager (Male) |
| 5:01 | Build | Barracks |
| 5:28 | Build | House |
| 5:46 | Queue | Villager (Male) |
| 6:01 | Queue | Militia |
| 6:01 | Queue | Militia |
| 6:10 | Queue | Villager (Male) |
| 6:19 | Queue | Villager (Male) |
| 6:22 | Queue | Militia |
| 6:29 | Build | House |
| 6:49 | Queue | Villager (Male) |
| 7:02 | Research | Loom |
| 7:28 | Build | Mill |
| 8:08 | Research | Feudal Age |
| 8:08 | Research | Feudal Age |
| 8:26 | Build | Mining Camp |
| 8:36 | Build | House |
| 8:37 | Build | Palisade Wall |
| 9:24 | Build | Palisade Wall |
| 9:55 | Queue | Villager (Male) |
| 10:18 | Age | Feudal Age |
| 10:21 | Research | Man-at-Arms (upgrade) |
| 10:21 | Research | Man-at-Arms (upgrade) |
| 10:21 | Queue | Villager (Male) |
| 10:23 | Build | Archery Range |
| 10:49 | Build | House |
| 10:50 | Build | House |
| 10:54 | Build | Palisade Wall |
| 10:59 | Build | Farm |
| 11:00 | Build | Farm |
| 11:00 | Research | Double-Bit Axe |
| 11:01 | Queue | Villager (Male) |
| 11:02 | Queue | Villager (Male) |
| 11:19 | Build | Farm |
| 11:22 | Queue | Archer |
| 11:22 | Queue | Archer |
| 11:43 | Queue | Skirmisher |
| 11:51 | Build | House |
| 11:52 | Queue | Villager (Male) |
| 12:10 | Queue | Villager (Male) |
| 12:11 | Build | Farm |
| 12:15 | Queue | Skirmisher |
| 12:21 | Build | House |
| 12:26 | Build | House |
| 12:27 | Build | Palisade Wall |
| 12:40 | Queue | Skirmisher |
| 12:41 | Queue | Villager (Male) |
| 12:53 | Build | House |
| 13:01 | Queue | Villager (Male) |
| 13:10 | Queue | Villager (Male) |
| 13:11 | Build | Farm |
| 13:14 | Build | Farm |
| 13:24 | Build | Farm |
| 13:36 | Build | Palisade Wall |
| 13:38 | Build | Palisade Gate |
| 13:41 | Build | Palisade Wall |
| 13:42 | Build | Palisade Wall |
| 13:48 | Queue | Archer |
| 13:50 | Queue | Skirmisher |
| 13:50 | Queue | Villager (Male) |
| 13:53 | Build | Farm |
| 14:06 | Queue | Villager (Male) |
| 14:12 | Build | Farm |
| 14:27 | Build | House |
| 14:28 | Build | Palisade Wall |
| 14:36 | Build | Farm |
| 15:09 | Queue | Villager (Male) |
| 15:11 | Build | Farm |
| 15:12 | Build | Lumber Camp |
| 15:33 | Build | Farm |
| 15:36 | Queue | Villager (Male) |
| 15:39 | Build | Farm |
| 15:55 | Build | Farm |
| 15:56 | Queue | Villager (Male) |
| 16:13 | Queue | Skirmisher |
| 16:23 | Queue | Villager (Male) |
| 16:26 | Build | Farm |
| 16:35 | Build | Blacksmith |
| 16:41 | Queue | Skirmisher |
| 16:47 | Build | Farm |
| 16:49 | Queue | Villager (Male) |
| 17:06 | Queue | Skirmisher |
| 17:17 | Queue | Villager (Male) |
| 17:26 | Build | Archery Range |
| 17:47 | Research | Castle Age |
| 17:47 | Research | Castle Age |
| 17:49 | Queue | Skirmisher |
| 17:50 | Queue | Skirmisher |
| 18:01 | Build | Stable |
| 18:12 | Queue | Skirmisher |
| 18:26 | Research | Fletching |
| 18:26 | Research | Fletching |
| 18:36 | Queue | Skirmisher |
| 18:46 | Queue | Skirmisher |
| 18:57 | Research | Gold Mining |
| 19:04 | Build | Farm |
| 19:07 | Queue | Scout Cavalry |
| 19:34 | Queue | Scout Cavalry |
| 19:47 | Queue | Skirmisher |
| 20:09 | Queue | Skirmisher |
| 20:11 | Queue | Villager (Male) |
| 20:27 | Age | Castle Age |
| 20:29 | Research | Bodkin Arrow |
| 20:30 | Research | Elite Skirmisher (upgrade) |
| 20:30 | Research | Elite Skirmisher (upgrade) |
| 20:30 | Queue | Villager (Male) |
| 20:33 | Queue | Unit 1944 |
| 20:48 | Queue | Villager (Male) |
| 20:50 | Queue | Unit 1944 |
| 21:24 | Queue | Villager (Male) |
| 21:28 | Build | Town Center |
| 21:53 | Queue | Villager (Male) |
| 22:01 | Queue | Villager (Male) |
| 22:13 | Queue | Villager (Male) |
| 22:15 | Queue | Villager (Male) |
| 22:20 | Queue | Villager (Male) |
| 22:42 | Queue | Villager (Male) |
| 22:46 | Queue | Villager (Male) |
| 22:48 | Queue | Villager (Male) |
| 22:55 | Build | Siege Workshop |
| 23:00 | Build | Siege Workshop |
| 23:09 | Queue | Villager (Male) |
| 23:11 | Queue | Villager (Male) |
| 23:13 | Build | House |
| 23:15 | Queue | Unit 1944 |
| 23:15 | Queue | Unit 1944 |
| 23:22 | Queue | Villager (Male) |
| 23:23 | Queue | Skirmisher |
| 23:23 | Queue | Skirmisher |
Match timeline
| 5:01 | 小米粒 · first_building Barracks |
| 7:25 | PNAL | Ciruja · wall_segment Palisade Wall x1 |
| 7:26 | PNAL | Ciruja · wall_segment Palisade Wall x1 |
| 7:36 | PNAL | Ciruja · wall_segment Palisade Wall x2 |
| 7:49 | PNAL | Ciruja · wall_segment Palisade Wall x3 |
| 7:56 | PNAL | Ciruja · wall_segment Palisade Wall x2 |
| 8:06 | PNAL | Ciruja · wall_segment Palisade Wall x3 |
| 8:32 | PNAL | Ciruja · wall_segment Palisade Wall x2 |
| 8:37 | 小米粒 · wall_segment Palisade Wall x6 |
| 8:45 | PNAL | Ciruja · first_building Barracks |
| 8:48 | PNAL | Ciruja · wall_segment Palisade Wall x2 |
| 8:50 | PNAL | Ciruja · age_up feudal |
| 8:51 | PNAL | Ciruja · wall_segment Palisade Wall x1 |
| 9:11 | PNAL | Ciruja · wall_segment Palisade Wall x1 |
| 9:13 | PNAL | Ciruja · wall_segment Palisade Wall x1 |
| 9:24 | 小米粒 · wall_segment Palisade Wall x16 |
| 9:37 | PNAL | Ciruja · first_building Archery Range |
| 9:50 | PNAL | Ciruja · wall_segment Palisade Wall x3 |
| 10:18 | 小米粒 · age_up feudal |
| 10:21 | PNAL | Ciruja · wall_segment Palisade Wall x1 |
| 10:23 | PNAL | Ciruja · wall_segment Palisade Wall x1 |
| 10:23 | 小米粒 · first_building Archery Range |
| 10:25 | PNAL | Ciruja · wall_segment Palisade Wall x1 |
| 10:27 | PNAL | Ciruja · wall_segment Palisade Wall x1 |
| 10:31 | PNAL | Ciruja · wall_segment Palisade Wall x1 |
| 10:39 | PNAL | Ciruja · wall_segment Palisade Wall x1 |
| 10:40 | PNAL | Ciruja · wall_segment Palisade Wall x1 |
| 10:54 | 小米粒 · wall_segment Palisade Wall x6 |
| 12:27 | 小米粒 · wall_segment Palisade Wall x13 |
| 12:43 | PNAL | Ciruja · wall_segment Palisade Wall x5 |
| 12:44 | PNAL | Ciruja · wall_segment Palisade Wall x3 |
| 12:56 | PNAL | Ciruja · wall_segment Palisade Wall x4 |
| 12:57 | PNAL | Ciruja · wall_segment Palisade Wall x13 |
| 13:36 | 小米粒 · wall_segment Palisade Wall x1 |
| 13:41 | PNAL | Ciruja · wall_segment Palisade Wall x1 |
| 13:41 | 小米粒 · wall_segment Palisade Wall x4 |
| 13:42 | 小米粒 · wall_segment Palisade Wall x1 |
| 14:28 | 小米粒 · wall_segment Palisade Wall x2 |
| 15:45 | PNAL | Ciruja · wall_segment Palisade Wall x2 |
| 15:46 | PNAL | Ciruja · wall_segment Palisade Wall x1 |
| 15:47 | PNAL | Ciruja · wall_segment Palisade Wall x1 |
| 18:01 | 小米粒 · first_building Stable |
| 18:06 | PNAL | Ciruja · first_market_sell 100 food |
| 20:27 | 小米粒 · age_up castle |
| 20:48 | PNAL | Ciruja · age_up castle |
| 22:55 | 小米粒 · first_building Siege Workshop |
| 23:02 | PNAL | Ciruja · first_market_buy 100 food |
| 23:22 | PNAL | Ciruja · first_building Siege Workshop |
| 25:27 | PNAL | Ciruja · wall_segment Palisade Wall x1 |
| 25:58 | PNAL | Ciruja · first_building Monastery |
| 27:35 | PNAL | Ciruja · wall_segment Palisade Wall x1 |
| 28:40 | 小米粒 · first_building Monastery |
| 30:24 | PNAL | Ciruja · first_building Castle |
| 31:53 | 小米粒 · first_market_buy 100 food |
| 32:00 | 小米粒 · first_building Castle |
| 35:05 | 小米粒 · age_up imperial |
| 35:10 | PNAL | Ciruja · resign |
[ AI ANALYSIS · 1 CREDIT ]
What really happened in this match?
Wolo.gg analyzes every decision: build order, eco, micro, common mistakes by bracket. Personalized analysis on WhatsApp or Discord in 30 seconds.
Civ guide
Dravidians
Perfil
Jugador #4198666